 Dungeon Crawl Stone Soup version 0.29.1-12-g30fa7ad0bf (webtiles) character file.

Game seed: 12901895728461422537

98 hawla the Chiller (level 5, 0/38 HPs)
             Began as a Meteoran Ice Elementalist on Jan 14, 2023.
             Was an Initiate of Vehumet.
             Slain by a kobold brigand
             ... wielding a +0 dagger
              (3 damage)
             ... on level 4 of the Dungeon.
             The game lasted 00:04:04 (380 turns).

hawla the Chiller (Meteoran Ice Elementalist)        Turns: 380, Time: 00:04:05

Health: 0/38       AC:  2    Str:  9    XL:     5   Next: 21%
Magic:  10/12      EV: 13    Int: 18    God:    Vehumet [......]
Gold:   64         SH:  0    Dex: 15    Spells: 8/12 levels left

rFire   . . .      SeeInvis .   (no weapon)
rCold   . . .      Faith    .   (no shield)
rNeg    . . .      Spirit   .   a - +0 robe
rPois   .          Reflect  .   (no helmet)
rElec   .          Harm     .   (no cloak)
rCorr   .          Rampage  .   (no gloves)
Will    .....                   (no boots)
Stlth   +.........              (no amulet)
HPRegen 0.12/turn               (no ring)
MPRegen 0.13/turn               (no ring)

@: attractive, glowing
A: sense surroundings 1, otherworldly, glowing, explore regen
a: Renounce Religion


You were on level 4 of the Dungeon.
You worshipped Vehumet.
Vehumet was noncommittal.
You visited 1 branch of the dungeon, and saw 4 of its levels.

You collected 64 gold pieces.

Inventory:

Armour
 a - a +0 robe (worn)
Scrolls
 c - a scroll of butterflies
Potions
 d - a potion of attraction


   Skills:
 + Level 0.1 Fighting
 + Level 2.8 Dodging
 - Level 1.4 Stealth
 + Level 4.3 Spellcasting
 + Level 5.5 Ice Magic


You had 8 spell levels left.
You knew the following spells:

 Your Spells              Type           Power      Damage    Failure   Level
a - Freeze                Ice            92%        1d10      1%          1
b - Frozen Ramparts       Ice            46%        1d7       4%          3

Your spell library contained the following spells:

 Spells                   Type           Power      Damage    Failure   Level
 Ozocubu's Armour         Ice            23%        N/A       4%          3
 Apportation              Tloc           6%         N/A       14%         1
 Hailstorm                Conj/Ice       13%        3d5       41%         4
 Alistair's Intoxication  Tmut/Pois      2%         N/A       98%         5


Dungeon Overview and Level Annotations

Branches:
Dungeon (4/15) Zot: 2019
 Temple: D:4-7

Altars:
Vehumet

Annotations:
D:3 3 runed translucent doors, sigtrap's ghost, amateur OgGl


Innate Abilities, Weirdness & Mutations

You passively map a small area around you.
You are easily found by Zot.
You glow in the dark.
You regain HP and MP as you explore.


Message History

Aim: a kobold brigand, wielding a +0 dagger and quivering poisoned darts (unusually resistant)
You freeze the kobold brigand.
The kobold brigand resists.
The kobold brigand is lightly wounded.
You feel sick.
The kobold brigand hits you with a +0 dagger.
Casting: Freeze (safe; 1% risk of failure)
Confirm with . or Enter, or press ? or * to list all spells.
Aiming: Freeze (safe; 1% risk of failure)
Press: ? - help, Shift-Dir - straight line, f/p - kobold brigand
Aim: a kobold brigand, wielding a +0 dagger and quivering poisoned darts (lightly wounded, unusually resistant)
You freeze the kobold brigand.
The kobold brigand resists.
The kobold brigand is lightly wounded.
You feel sick. The kobold brigand misses you.
It was a potion of attraction.
You feel attractive to monsters.
You feel sick.
The kobold brigand completely misses you.
Magic courses through your body.
You feel sick.
The kobold brigand hits you with a +0 dagger.
* * * LOW HITPOINT WARNING * * *
Casting: Freeze (safe; 1% risk of failure)
Confirm with . or Enter, or press ? or * to list all spells.
Aiming: Freeze (safe; 1% risk of failure)
Press: ? - help, Shift-Dir - straight line, f/p - kobold brigand
Aim: a kobold brigand, wielding a +0 dagger and quivering poisoned darts (lightly wounded, unusually resistant)
You freeze the kobold brigand.
The kobold brigand resists.
The kobold brigand is moderately wounded.
You feel sick.
You are no longer poisoned.
The kobold brigand hits you with a +0 dagger.
* * * LOW HITPOINT WARNING * * *
Casting: Freeze (safe; 1% risk of failure)
Confirm with . or Enter, or press ? or * to list all spells.
Aiming: Freeze (safe; 1% risk of failure)
Press: ? - help, Shift-Dir - straight line, f/p - kobold brigand
Aim: a kobold brigand, wielding a +0 dagger and quivering poisoned darts (moderately wounded, unusually resistant)
You freeze the kobold brigand.
The kobold brigand resists.
The kobold brigand is heavily wounded.
The kobold brigand hits you with a +0 dagger.
You die...

########..###, ,*
#####.# ## ,
###~~~~.# .# * * *
#~~~≈≈~.####.# *
~~~≈≈≈≈~......####
≈≈≈≈≈~~~..........
* ~
≈≈≈~~~........####
~~~~...>......####
~#......K@.......#
, , ,
......!...#.#+#.#
,,
.#.#.#.......#.#,
#
#................#
#................#
................##
,
#.#[............#
, ...............#
#.....)......#, *


You could see a kobold brigand (resistant).

Vanquished Creatures
  A scorpion (D:4)
  An adder (D:3)
  An orc (D:3)
  3 endoplasms
  A giant cockroach (D:3)
  2 goblins
  3 hobgoblins
  5 kobolds
  A quokka (D:4)
  2 ball pythons (D:3)
  3 bats
  3 frilled lizards
  2 rats
28 creatures vanquished.

Notes
Turn   | Place    | Note
-------+----------+-------------------------------------------
     0 | D:1      | hawla the Meteoran Ice Elementalist began the quest for the
                  | Orb.
     0 | D:1      | Reached XP level 1. HP: 14/14 MP: 5/5
    34 | D:1      | Reached XP level 2. HP: 9/20 MP: 0/6
   209 | D:3      | Found a radiant altar of Vehumet.
   218 | D:3      | Reached XP level 3. HP: 20/26 MP: 6/8
   218 | D:3      | Became a worshipper of Vehumet
   227 | D:3      | Reached skill level 5 in Ice Magic
   241 | D:3      | Found a runed translucent gate.
   242 | D:3      | Found a runed translucent gate.
   278 | D:3      | Learned a level 3 spell: Frozen Ramparts
   279 | D:3      | Found a runed translucent gate.
   280 | D:3      | Noticed sigtrap's ghost (amateur OgGl)
   362 | D:4      | Noticed a scorpion
   362 | D:4      | Noticed a kobold brigand
   368 | D:4      | Killed a scorpion
   369 | D:4      | Reached XP level 4. HP: 33/33 MP: 6/11
   369 | D:4      | Reached XP level 5. HP: 38/38 MP: 6/12
   380 | D:4      | Slain by a kobold brigand

Illustrated notes

Levels and vault maps discovered:
D:1:      amcnicky_arrival_double_pillar, layout_basic, nrook_mini_vaults,
          minmay_split_cup_large
D:2:      layout_basic, item_on_display_b
D:3:      layout_basic, vehumet_crystals, ebering_ghost_rock_garden
D:4:      wander_river, layout_basic, mainiacjoe_overflow_surrounded_room,
          nicolae_overflow_squiral

Skill      XL: |  1  2  3 |
---------------+----------+-----
Spellcasting   | 3 4 |  4.3
Ice Magic      | 5 |  5.5
Fighting       | |  0.1
Dodging        | |  2.8
Stealth        | |  1.4

Action                   |  1- 3 |  4- 6 || total
-------------------------+-------+-------++-------
Melee: Unarmed           |     4 |       ||     4
 Cast: Freeze            |    44 |     5 ||    49
       Frozen Ramparts   |     1 |       ||     1
  Use: Scroll            |     4 |       ||     4
       Potion            |       |     2 ||     2
Armor: Robe              |    18 |       ||    18
Dodge: Dodged            |    32 |     3 ||    35
